 Dungeon Crawl Stone Soup version 0.17-b1-36-g7b1967c (webtiles) character file.

61124 tp1 the Eclecticist (level 14, 0/68 HPs)
             Began as a Deep Elf Conjurer on Nov 6, 2015.
             Was the Champion of Vehumet.
             Slain by a troll (20 damage)
             ... on level 4 of the Orcish Mines.
             The game lasted 03:17:13 (27927 turns).

tp1 the Eclecticist (Deep Elf Conjurer)            Turns: 27927, Time: 03:17:13

Health: 0/68       AC: 14    Str:  5    XL:     14   Next: 59%
Magic:  1/49       EV:  7    Int: 28    God:    Vehumet [******]
Gold:   961        SH:  8    Dex: 10    Spells: 8 memorised, 6 levels left

rFire  + . .     SeeInvis +     X - staff of power
rCold  + . .     Clarity  +     Z - +2 robe {rC+ rF+}
rNeg   + . .     SustAt   .     w - +3 buckler
rPois  .         Gourm    .     q - +2 helmet
rElec  .         Spirit   .     y - +2 cloak
rCorr  .         Warding  .     d - +2 pair of gloves
rMut   .         Stasis   .     H - +0 pair of boots of the Eleven Ghosts {+Blink rN+ Dex-5 Stlth+}
MR     +....                    j - amulet of clarity
Stlth  +++.......               E - ring of see invisible
                                B - +2 ring of intelligence

@: somewhat resistant to hostile enchantments, fairly stealthy
A: hooves 1, breathe flames 1, low mp 1, sense surroundings 2, slow regeneration
1
a: Renounce Religion, Breathe Fire, Evoke Blink


You were on level 4 of the Orcish Mines.
You worshipped Vehumet.
Vehumet was exalted by your worship.
You were not hungry.

You visited 4 branches of the dungeon, and saw 24 of its levels.

You collected 1812 gold pieces.
You spent 851 gold pieces at shops.

Inventory:

Armour
 d - a +2 pair of gloves (worn)
 q - a +2 helmet (worn)
 w - a +3 buckler (worn)
 y - a +2 cloak (worn)
 H - the +0 pair of boots of the Eleven Ghosts (worn) {+Blink rN+ Dex-5 Stlth+}
   (You found it on level 5 of the Dungeon)

   It affects your dexterity (-5).
   It protects you from negative energy.
   It lets you blink.
   It makes you more stealthy.
 K - a +2 robe of magic resistance
 Z - a +2 robe of resistance (worn)
Magical Staves
 X - an uncursed staff of power (weapon)
Jewellery
 j - an amulet of clarity (around neck)
 B - a +2 ring of intelligence (left hand)
 E - a ring of see invisible (right hand)
 I - an uncursed ring of fire
 P - an uncursed ring of poison resistance
 S - an uncursed ring of protection from magic
 W - an uncursed ring of protection from fire
Scrolls
 a - 4 scrolls of magic mapping
 e - 4 scrolls of fear
 g - 9 scrolls of remove curse
 h - 5 scrolls of fog
 i - 2 scrolls of enchant weapon
 s - a scroll of identify
 v - a scroll of holy word
 G - 5 scrolls of immolation
 J - 3 scrolls of teleportation
 Q - a scroll of recharging
Potions
 k - 9 potions of curing
 l - 3 potions of haste
 o - 4 potions of magic
 t - 3 potions of heal wounds
 z - 2 potions of ambrosia
 C - 3 potions of lignification
 D - a potion of brilliance
 F - 3 potions of flight
 L - 2 potions of agility
 M - 3 potions of might
 T - 2 potions of berserk rage
Books
 b - a book of Conjurations

   Spells                             Type                      Level
   a - Magic Dart                     Conjuration                  1
   b - Searing Ray                    Conjuration                  2
   c - Dazzling Spray                 Conjuration/Hexes            3
   d - Fulminant Prism                Conjuration/Hexes            4
   e - Iskenderun's Mystic Blast      Conjuration                  4
   f - Iskenderun's Battlesphere      Conjuration/Charms           5
 m - a book of Alchemy

   Spells                             Type                      Level
   a - Sublimation of Blood           Necromancy                   2
   b - Ignite Poison                  Fire/Transmutation/Poison    3
   c - Alistair's Intoxication        Transmutation/Poison         4
   d - Condensation Shield            Ice                          4
   e - Petrify                        Transmutation/Earth          4
   f - Irradiate                      Conjuration/Transmutation    5
 r - a book of the Warp

   Spells                             Type                      Level
   a - Recall                         Summoning/Translocation      3
   b - Gell's Gravitas                Hexes/Translocation          3
   c - Force Lance                    Conjuration/Translocation    4
   d - Phase Shift                    Translocation                5
   e - Warp Weapon                    Charms/Translocation         5
   f - Summon Forest                  Summoning/Translocation      5
 A - a book of Annihilations

   Spells                             Type                      Level
   a - Poison Arrow                   Conjuration/Poison           6
   b - Chain Lightning                Conjuration/Air              8
   c - Lehudib's Crystal Spear        Conjuration/Earth            8
   d - Glaciate                       Conjuration/Ice              9
   e - Fire Storm                     Conjuration/Fire             9
 N - a book of the Dragon

   Spells                             Type                      Level
   a - Flame Tongue                   Conjuration/Fire             1
   b - Cause Fear                     Hexes                        4
   c - Bolt of Fire                   Conjuration/Fire             6
   d - Dragon Form                    Transmutation                7
   e - Dragon's Call                  Summoning                    9
 R - a book of Air

   Spells                             Type                      Level
   a - Shock                          Conjuration/Air              1
   b - Swiftness                      Charms/Air                   2
   c - Repel Missiles                 Charms/Air                   2
   d - Static Discharge               Conjuration/Air              3
   e - Lightning Bolt                 Conjuration/Air              5
Comestibles
 c - 13 bread rations
 f - 2 royal jellies
 n - 11 meat rations
 p - a slice of pizza
 u - 44 fruits
 Y - 6 beef jerkies


   Skills:
 - Level 2.4 Dodging
 - Level 2.4 Stealth
 - Level 5.0 Shields
 - Level 18.1 Spellcasting
 - Level 15.0 Conjurations
 - Level 10.0 Charms
 + Level 14.5 Fire Magic


You had 6 spell levels left.
You knew the following spells:

 Your Spells              Type           Power        Failure   Level  Hunger
a - Magic Dart            Conj           ####         0%          1    None
b - Orb of Destruction    Conj           #######...   1%          7    ####...
c - Fire Storm            Conj/Fire      #######...   86%         9    #######
d - Iskenderun's Battles  Conj/Chrm      #######.     1%          5    None
e - Bolt of Fire          Conj/Fire      #######...   1%          6    ##.....
f - Inner Flame           Hex/Fire       ######..     1%          3    None
g - Delayed Fireball      Conj/Fire      N/A          1%          7    ####...
i - Irradiate             Conj/Trmt      ######....   1%          5    None


Dungeon Overview and Level Annotations

Branches:
Dungeon (12/15)            Temple (1/1) D:5            Lair (7/8) D:9
  Swamp (0/4) Lair:5        Snake (0/4) Lair:3        Slime (0/6) Lair:7
    Orc (4/4) D:12
    Elf: Orc:3-4

Altars:
Ashenzari
Cheibriados
Dithmenos
Elyvilon
Fedhas
Gozag
Kikubaaqudgha
Makhleb
Nemelex Xobeh
Okawaru
Qazlal
Ru
Sif Muna
Trog
Vehumet
Xom
Yredelemnul
Zin
The Shining One
Jiyva

Shops:
D:4 [   D:12 %   Orc:2 *?   Orc:4 [*

Annotations:
D:10 2 runed doors
D:12 1 runed door
Lair:5 1 exclusion


Innate Abilities, Weirdness & Mutations

You have large cloven feet.
You can breathe flames.
Your magical capacity is low (-10% MP).
You passively map the area around you.
You regenerate slowly when monsters are visible.


Message History

Confirm with . or Enter, or press ? or * to list all spells.
You don't have enough magic to cast that spell.
Unknown command.
Casting: Magic Dart
Confirm with . or Enter, or press ? or * to list all spells.
You don't have enough magic to cast that spell.
The orc warrior throws a silver tomahawk.
The silver tomahawk hits you. The silver sears you!
* * * LOW HITPOINT WARNING * * *
Something hits the fungus.
There is an entrance to Rig Leza's General Store here.
You see here a silver tomahawk.
The orc warrior throws a silver tomahawk.
You block the silver tomahawk.
There is a stone staircase leading up here.
You see here a silver tomahawk.
The orc warrior throws a silver tomahawk.
The silver tomahawk hits you but does no damage.
The silver sears you! The troll bites you!!
You die...

, * ,....# , , , .P... ,
.... * ..... , ... * * ,
.......$ .. ** ,
,.P.<.... ##* , ,,,
,,.......###.##,... ,
,#.....o.#.(.#...#
,.......T∩......# , ,,
.......@......## ##
..###.......%..# #. * *
, #.(o.%...### ###.. * ,
, ,* ###..o%..## .....#
, *###ooo....## ###.....
* #...oo.)..# *#.......
*
##.P.%%o...#####.....#..
* .ooP......P.##.##...
#. *
.oo.....)...#..%...# #.


You could see a troll, 2 orc warriors, 2 orc wizards and 4 orcs.

Vanquished Creatures
  The ghost of Borgoz the Grappler, a journeyman TrMo of Okawaru (D:12)
  The ghost of DEFE the Protected, a journeyman MiFi of the Shining One (D:12)
  Nessos (Orc:3)
  8 hydras
  An orc high priest (Orc:2)
  Urug (Orc:2)
  A death yak (Lair:7)
  Sonja (D:10)
  Nergalle (Orc:2)
  3 skeletal warriors (D:12)
  An unseen horror (D:10)
  6 hill giants
  An ugly thing (D:12)
  2 orc knights
  2 griffons
  8 elephants
  Maurice (D:11)
  9 black mambas
  10 spiny frogs
  A torpor snail (Lair:7)
  4 fire drakes
  12 komodo dragons
  A two-headed ogre (D:10)
  5 polar bears
  12 blink frogs
  4 trolls
  A bog body (Lair:5)
  28 yaks
  A shadow (D:11)
  A wraith (D:10)
  3 hungry ghosts
  A basilisk (Lair:6)
  A human (D:12)
  A steam dragon (Lair:3)
  A mottled dragon (D:12)
  13 hippogriffs
  13 wolves
  Edmund (D:6)
  6 nagas (Lair:3)
  4 wargs
  11 water moccasins
  16 porcupines
  7 black bears
  6 ogres
  19 orc warriors
  A sky beast (D:3)
  6 phantoms
  A necrophage (D:11)
  5 centaurs
  18 crocodiles
  30 giant frogs
  A brain worm (Lair:7)
  Blork the orc (Orc:2)
  4 big kobolds
  A gnoll sergeant (D:9)
  A wyvern zombie (D:10)
  A water moccasin zombie (D:10)
  A wyvern skeleton (D:10)
  5 killer bees (D:10)
  3 scorpions
  4 wights (D:10)
  7 crimson imps
  2 giant frog zombies
  18 orc wizards
  7 hounds
  4 jellies
  Crazy Yiuf (D:3)
  2 centaur skeletons
  Ijyb (D:2)
  18 orc priests
  4 giant frog skeletons
  A gnoll shaman (D:8)
  3 hell rats (Lair:6)
  12 iguanas
  11 worker ants
  27 sheep
  2 hound skeletons (D:11)
  A worker ant zombie (D:5)
  10 adders
  11 gnolls
  66 river rats
  2 oozes (D:2)
  An adder skeleton (D:7)
  2 worms (D:2)
  7 giant geckos
  112 orcs
  2 ball pythons
  2 giant cockroaches
  14 goblins
  3 hobgoblins
  19 kobolds
  A ball python zombie (D:5)
  8 bats
  A giant cockroach zombie (D:5)
  6 giant newts
  11 jackals
  5 quokkas
  14 rats
  2 fungi
  6 plants
741 creatures vanquished.

Vanquished Creatures (others)
  3 sheep (D:5)
  7 fungi
  8 plants
18 creatures vanquished.

Grand Total: 759 creatures vanquished

Notes
Turn   | Place    | Note
--------------------------------------------------------------
     0 | D:1      | tp1 the Deep Elf Conjurer began the quest for the Orb.
     0 | D:1      | Reached XP level 1. HP: 10/10 MP: 6/6
   223 | D:1      | Reached XP level 2. HP: 15/15 MP: 2/9
  1700 | D:2      | Reached XP level 3. HP: 7/19 MP: 3/11
  1720 | D:2      | Reached skill level 5 in Spellcasting
  2476 | D:2      | Noticed Ijyb
  2583 | D:2      | Killed Ijyb
  2583 | D:2      | Reached skill level 6 in Spellcasting
  2583 | D:2      | Reached XP level 4. HP: 16/24 MP: 0/14
  2892 | D:2      | Found a stormy altar of Qazlal.
  2944 | D:2      | Found a glowing silver altar of Zin.
  2951 | D:2      | Found a bloodstained altar of Trog.
  2958 | D:2      | Found a shattered altar of Ashenzari.
  2965 | D:2      | Found an ancient bone altar of Kikubaaqudgha.
  2972 | D:2      | Found a shadowy altar of Dithmenos.
  2983 | D:2      | Found an iron altar of Okawaru.
  2990 | D:2      | Found a snail-covered altar of Cheibriados.
  3064 | D:3      | Learned a level 2 spell: Searing Ray
  3068 | D:3      | Learned a level 3 spell: Dazzling Spray
  3202 | D:3      | Noticed a sky beast
  3243 | D:3      | Killed a sky beast
  3243 | D:3      | Reached skill level 7 in Spellcasting
  3243 | D:3      | Reached XP level 5. HP: 18/28 MP: 6/17
  3326 | D:3      | Gained mutation: You passively map a small area around you. [mutagenic meat]
  3327 | D:3      | Gained mutation: You evolve. [mutagenic meat]
  3328 | D:3      | Gained mutation: You passively map the area around you. [mutagenic meat]
  3329 | D:3      | Gained mutation: You regenerate slowly when monsters are visible. [mutagenic meat]
  3736 | D:3      | Reached skill level 8 in Spellcasting
  3743 | D:3      | Learned a level 5 spell: Iskenderun's Battlesphere
  3857 | D:3      | Noticed Crazy Yiuf
  3867 | D:3      | Killed Crazy Yiuf
  4084 | D:4      | Reached XP level 6. HP: 4/32 MP: 11/19
  4249 | D:4      | Gained mutation: You are weak. (Str -2) [evolution]
  4462 | D:4      | Found Ishri's Antique Armour Boutique.
  4506 | D:4      | Noticed a phantom
  4524 | D:4      | Killed a phantom
  4781 | D:4      | Reached skill level 5 in Charms
  5045 | D:4      | Found a sacrificial altar of Ru.
  5204 | D:5      | Entered Level 5 of the Dungeon
  5384 | D:5      | Found a staircase to the Ecumenical Temple.
  5390 | Temple   | Entered the Ecumenical Temple
  5540 | D:5      | Found a shimmering altar of Xom.
  5542 | D:5      | Reached skill level 5 in Conjurations
  5610 | D:5      | Reached XP level 7. HP: 36/36 MP: 13/20
  5863 | D:5      | Found a radiant altar of Vehumet.
  5869 | D:5      | Became a worshipper of Vehumet
  6014 | D:5      | Got a pair of spiked boots
  6020 | D:5      | Identified the cursed +0 pair of boots of the Eleven Ghosts {+Blink rN+ Dex-5 Stlth+} (You found it on level 5 of the Dungeon)
  6389 | D:6      | Noticed Edmund
  6395 | D:6      | Killed Edmund
  6459 | D:6      | Reached XP level 8. HP: 41/41 MP: 6/22
  6657 | D:6      | Reached skill level 9 in Spellcasting
  6857 | D:6      | Reached * piety under Vehumet
  6857 | D:6      | Offered knowledge of Sandblast by Vehumet.
  6896 | D:6      | Reached skill level 10 in Spellcasting
  7371 | D:7      | Reached skill level 10 in Charms
  7389 | D:7      | Reached skill level 1 in Shields
  7395 | D:7      | Reached XP level 9. HP: 40/45 MP: 9/25
  7438 | D:7      | Gained mutation: You can breathe flames. [evolution]
  7743 | D:7      | Found a sparkling altar of Nemelex Xobeh.
  8135 | D:8      | Offered knowledge of Throw Frost by Vehumet.
  8292 | D:8      | Found a blossoming altar of Fedhas.
  8491 | D:8      | Reached ** piety under Vehumet
  8658 | D:8      | Learned a level 6 spell: Bolt of Fire
  8662 | D:8      | Reached skill level 5 in Shields
  8664 | D:8      | Reached skill level 1 in Fire Magic
  8914 | D:9      | Found a staircase to the Lair.
  8915 | D:9      | Noticed a komodo dragon
  9015 | D:9      | Noticed an eight-headed hydra
  9019 | D:9      | Killed an eight-headed hydra
  9122 | D:9      | Reached XP level 10. HP: 41/50 MP: 26/26
  9146 | D:9      | Offered knowledge of Inner Flame by Vehumet.
  9824 | D:9      | Killed a komodo dragon
 10039 | Lair:1   | Entered Level 1 of the Lair of Beasts
 10043 | Lair:1   | Reached *** piety under Vehumet
 10043 | Lair:1   | Reached skill level 10 in Fire Magic
 10166 | Lair:1   | Learned a level 3 spell: Inner Flame
 10235 | Lair:1   | Gained mutation: Your magical capacity is low (-10% MP). [potion of mutation]
 10235 | Lair:1   | Gained mutation: You have large cloven feet. [potion of mutation]
 10374 | Lair:1   | Reached skill level 11 in Fire Magic
 10412 | Lair:1   | Lost mutation: You are weak. (Str -2) [evolution]
 10412 | Lair:1   | Lost mutation: You evolve. [end of evolution]
 10466 | Lair:1   | Noticed a black mamba
 10470 | Lair:1   | Killed a black mamba
 10508 | Lair:1   | Offered knowledge of Sticky Flame by Vehumet.
 10508 | Lair:1   | Reached XP level 11. HP: 54/54 MP: 24/24
 10655 | Lair:1   | Reached skill level 12 in Fire Magic
 10935 | Lair:1   | Noticed a six-headed hydra
 10944 | Lair:1   | Killed a six-headed hydra
 11844 | Lair:2   | Reached **** piety under Vehumet
 11869 | Lair:2   | Reached skill level 13 in Fire Magic
 12140 | Lair:2   | Offered knowledge of Bolt of Magma by Vehumet.
 14020 | Lair:3   | Reached XP level 12. HP: 59/59 MP: 28/28
 14113 | Lair:3   | Reached skill level 14 in Spellcasting
 14121 | Lair:3   | Found a staircase to the Snake Pit.
 14145 | Lair:3   | Reached ***** piety under Vehumet
 14348 | Lair:3   | Offered knowledge of Delayed Fireball by Vehumet.
 14360 | Lair:3   | Learned a level 7 spell: Delayed Fireball
 14550 | Lair:3   | Noticed a five-headed hydra
 14552 | Lair:3   | Killed a five-headed hydra
 14552 | Lair:3   | Reached skill level 15 in Spellcasting
 14610 | Lair:3   | Found a staircase to the Snake Pit.
 15129 | Lair:4   | Noticed an eight-headed hydra
 15131 | Lair:4   | Killed an eight-headed hydra
 16351 | Lair:4   | Noticed a four-headed hydra
 16359 | Lair:4   | Killed a four-headed hydra
 16359 | Lair:4   | Reached skill level 16 in Spellcasting
 17107 | Lair:5   | Found a staircase to the Swamp.
 17133 | Lair:5   | Reached skill level 17 in Spellcasting
 17197 | Lair:5   | Offered knowledge of Lightning Bolt by Vehumet.
 18075 | Lair:5   | Found a staircase to the Swamp.
 18713 | Lair:6   | Noticed a four-headed hydra
 18717 | Lair:6   | Killed a four-headed hydra
 18717 | Lair:6   | Reached skill level 18 in Spellcasting
 18728 | Lair:6   | Reached XP level 13. HP: 42/63 MP: 16/33
 19753 | Lair:7   | Reached skill level 10 in Conjurations
 20166 | Lair:7   | Offered knowledge of Freezing Cloud by Vehumet.
 20364 | Lair:7   | Found a viscous altar of Jiyva.
 20364 | Lair:7   | Found a staircase to the Slime Pits.
 21258 | D:10     | Entered Level 10 of the Dungeon
 21487 | D:10     | Found a white marble altar of Elyvilon.
 21488 | D:10     | Found a runed door.
 21488 | D:10     | Noticed an angel
 21681 | D:10     | Noticed Sonja
 21687 | D:10     | Killed Sonja
 22517 | D:10     | Reached XP level 14. HP: 34/68 MP: 32/34
 22631 | D:10     | Found a white marble altar of Elyvilon.
 22632 | D:10     | Found a runed door.
 23340 | D:11     | Noticed Maurice
 23359 | D:11     | Killed Maurice
 23359 | D:11     | Offered knowledge of Bolt of Draining by Vehumet.
 24076 | D:12     | Noticed Borgoz's ghost (journeyman TrMo)
 24087 | D:12     | Killed Borgoz's ghost
 24313 | D:12     | Noticed DEFE's ghost (journeyman MiFi)
 24321 | D:12     | HP: 1/68 [DEFE's ghost (31)]
 24325 | D:12     | Killed DEFE's ghost
 24393 | D:12     | Found Bupn's Food Emporium.
 24663 | D:12     | Got a jewelled war axe
 24664 | D:12     | Identified the +6 war axe of Reaz {flame, +Inv} (You found it on level 12 of the Dungeon)
 24764 | D:12     | Found a white marble altar of Elyvilon.
 24820 | D:12     | Found a runed door.
 24924 | D:12     | Found a staircase to the Orcish Mines.
 25173 | Orc:1    | Entered Level 1 of the Orcish Mines
 25218 | Orc:1    | Reached skill level 15 in Conjurations
 25386 | Orc:1    | Learned a level 9 spell: Fire Storm
 25395 | Orc:1    | Learned a level 8 spell: Lehudib's Crystal Spear
 25401 | Orc:1    | Learned a level 5 spell: Irradiate
 25411 | Orc:2    | Found Emmoegea's Magic Scroll Shoppe.
 25420 | Orc:2    | Noticed Blork the orc
 25427 | Orc:2    | Noticed Urug
 25429 | Orc:2    | Killed Blork the orc
 25686 | Orc:2    | Killed Urug
 25715 | Orc:2    | Found Miakk's Magic Scroll Emporium.
 25745 | Orc:2    | Noticed Nergalle
 25748 | Orc:2    | Killed Nergalle
 25750 | Orc:2    | Bought a scroll of identify for 22 gold pieces
 25750 | Orc:2    | Bought 3 scrolls of immolation for 115 gold pieces
 25750 | Orc:2    | Bought a scroll of identify for 22 gold pieces
 25750 | Orc:2    | Bought a scroll of immolation for 38 gold pieces
 25750 | Orc:2    | Bought a scroll of amnesia for 38 gold pieces
 25750 | Orc:2    | Bought a scroll of magic mapping for 38 gold pieces
 25837 | Orc:2    | Bought a scroll of amnesia for 42 gold pieces
 25837 | Orc:2    | Bought a scroll of immolation for 42 gold pieces
 25837 | Orc:2    | Bought a scroll of enchant armour for 90 gold pieces
 25837 | Orc:2    | Bought a scroll of enchant armour for 90 gold pieces
 25837 | Orc:2    | Bought a scroll of enchant armour for 90 gold pieces
 25922 | Orc:2    | Found Juahu's Assorted Antiques.
 25925 | Orc:2    | Bought a potion of curing for 84 gold pieces
 25925 | Orc:2    | Bought a potion of heal wounds for 140 gold pieces
 26137 | Orc:3    | Noticed Nessos
 26141 | Orc:3    | Killed Nessos
 26237 | Orc:3    | Reached ****** piety under Vehumet
 26519 | Orc:3    | Found a dark tunnel.
 27021 | Orc:3    | Offered knowledge of Orb of Destruction by Vehumet.
 27035 | Orc:3    | Learned a level 7 spell: Orb of Destruction
 27821 | Orc:4    | Entered Level 4 of the Orcish Mines
 27903 | Orc:4    | Found Jarrunaq's Antique Armour Shoppe.
 27910 | Orc:4    | Found Rig Leza's General Store.
 27927 | Orc:4    | Slain by a troll

Action                   |  1- 3 |  4- 6 |  7- 9 | 10-12 | 13-15 || total
-------------------------+-------+-------+-------+-------+-------++-------
Melee: Unarmed           |    19 |       |       |       |       ||    19
       Quarterstaff      |       |     4 |       |       |       ||     4
       Staff             |       |       |       |     3 |       ||     3
 Cast: Magic Dart        |   129 |    70 |   163 |   447 |   439 ||  1248
       Searing Ray       |       |    14 |       |     2 |       ||    16
       Iskenderun's Batt |       |     2 |    38 |   100 |   104 ||   244
       Bolt of Fire      |       |       |     1 |    34 |    91 ||   126
       Inner Flame       |       |       |       |    13 |    17 ||    30
       Delayed Fireball  |       |       |       |     1 |     3 ||     4
       Orb of Destructio |       |       |       |       |     7 ||     7
 Abil: Breathe Fire      |       |       |     2 |       |       ||     2
       Release Delayed F |       |       |       |       |     4 ||     4
       Evoke Blink       |       |       |       |       |     8 ||     8
Evoke: Wand              |       |       |       |     2 |       ||     2
  Use: Scroll            |       |       |     4 |    20 |    16 ||    40
       Potion            |       |       |       |     9 |     7 ||    16
  Eat: Chunk             |     5 |    13 |    18 |    40 |    28 ||   104
       Fruit             |       |       |     1 |     6 |     2 ||     9
       Bread ration      |       |       |       |       |     1 ||     1
       Royal jelly       |       |       |       |       |     1 ||     1
